AoeStats
← Caronte

Black Forest

503172029Analyzed
3v3 RM · 1mo ago on Aug 30, 2026· 62m 6s· 6 players
Game mode
Random Map
Map size
Normal (6 player)
Population
200
Speed
Normal
Resources
Standard
Victory
Conquest
Starting age
Dark Age
Ending age
Imperial Age
RankedLock teamsTeams togetherTeam positionsShared explorationLock speedFull tech treeHidden civsTurbo modeCheats
Victory
Defeat
🇩🇪 Teutons · Germany
956
+14
🇩🇪 Persians · Germany
897
+16
🇩🇪 Inca · Germany
775
+22
954
-20
🇦🇷 Ethiopians · Argentina
894
-17
🇧🇷 Lithuanians · Brazil
875
-16
♞♕❤Staffan❤♕ ツ シ
10:57 Loom
12:42 Feudal Age
15:49 Castle Age
13:54 Double-Bit Axe
20:06 Horse Collar
22:20 Bow Saw
23:46 Gold Mining
24:26 Heavy Plow
24:35 Stone Mining
25:30 Caravan
25:48 Fletching
27:01 Wheelbarrow
26:11 Town Watch
26:39 Scale Barding Armor
27:08 Bloodlines
26:58 Husbandry
28:02 Padded Archer Armor
28:27 Forging
28:29 Bodkin Arrow
29:23 Hand Cart
29:32 Chain Barding Armor
29:55 Masonry
31:01 Iron Casting
30:48 Leather Archer Armor
31:34 Gold Shaft Mining
34:39 Imperial Age
32:38 Tusk Swords
33:35 Murder Holes
33:50 Fortified Wall
35:30 Town Patrol
36:07 Crop Rotation
36:45 Chemistry
36:06 Ballistics
37:11 Conscription
36:57 Double Crossbow
36:18 Elite Ballista Elephant
37:34 Hoardings
37:53 Stone Shaft Mining
37:32 Bracer
38:02 Ring Archer Armor
38:49 Blast Furnace
38:47 Plate Barding Armor
38:20 Husbandry
40:33 Siege Engineers
42:24 Scale Mail Armor
42:56 Architecture
42:45 Heavy Scorpion
59:23 Crossbowman
59:26 Elite Skirmisher
RENAN
0:27 Loom
13:05 Feudal Age
13:30 Double-Bit Axe
18:30 Castle Age
17:19 Stone Mining
18:23 Gold Mining
20:27 Bow Saw
21:17 Stone Shaft Mining
24:42 Wheelbarrow
27:29 Hand Cart
27:25 Horse Collar
31:23 Imperial Age
29:19 Fortified Wall
29:20 Masonry
29:34 Fishing Lines
30:27 Town Watch
31:50 Heavy Plow
33:24 Two-Man Saw
32:37 Gillnets
33:39 Town Patrol
34:20 Scale Barding Armor
34:26 Forging
35:12 Conscription
35:54 Chain Barding Armor
36:16 Architecture
36:31 Crop Rotation
37:41 Plate Barding Armor
37:42 Iron Casting
38:22 Murder Holes
38:08 Treadmill Crane
38:12 Elite Leitis
43:58 Chemistry
43:20 Ballistics
Caronte
0:57 Loom
11:48 Feudal Age
13:27 Wheelbarrow
15:38 Horse Collar
16:02 Double-Bit Axe
20:49 Castle Age
19:15 Gold Mining
19:15 Stone Mining
22:07 Hand Cart
22:11 Heavy Plow
22:25 Bow Saw
32:19 Imperial Age
30:43 Padded Archer Armor
30:34 Fletching
30:45 Scale Mail Armor
30:55 Forging
32:08 Caravan
32:38 Thumb Ring
31:53 Crossbowman
31:54 Elite Skirmisher
32:37 Town Watch
34:10 Conscription
34:08 Bodkin Arrow
34:37 Siege Engineers
34:45 Siege Engineers
34:34 Arbalester
36:33 Chemistry
35:57 Leather Archer Armor
36:18 Squires
36:14 Heavy Scorpion
39:37 Arson
39:13 Halberdier
41:48 Heavy Camel Rider
42:30 Husbandry
42:37 Scale Barding Armor
43:08 Iron Casting
45:30 Chain Mail Armor
46:16 Blast Furnace
57:48 Bracer
59:13 Ring Archer Armor
Tuber
0:29 Loom
12:39 Feudal Age
17:52 Castle Age
26:12 Wheelbarrow
27:55 Hand Cart
27:23 Horse Collar
27:32 Double-Bit Axe
27:39 Gold Mining
27:40 Stone Mining
28:31 Heavy Plow
29:51 Gold Shaft Mining
29:52 Stone Shaft Mining
34:41 Imperial Age
33:21 Forging
33:03 Fletching
33:13 Padded Archer Armor
33:19 Scale Barding Armor
33:44 Caravan
34:13 Bow Saw
34:08 Kamandaran
34:54 Elite War Elephant
36:12 Iron Casting
37:07 Chain Barding Armor
37:23 Crop Rotation
37:55 Two-Man Saw
38:54 Blast Furnace
38:47 Plate Barding Armor
37:35 Cavalier
38:21 Husbandry
38:35 Bloodlines
40:42 Savar
42:27 Bodkin Arrow
42:48 Leather Archer Armor
41:55 Crossbowman
42:41 Thumb Ring
43:53 Thumb Ring
44:24 Light Cavalry
45:40 Ring Archer Armor
45:10 Scale Mail Armor
44:59 Town Watch
45:46 Hussar
47:58 Heavy Camel Rider
56:22 Citadels
56:33 Conscription
59:10 Guilds
59:49 Capped Ram
60:49 Siege Ram
Phenylalaninehydroxylase
1:41 Loom
14:46 Feudal Age
17:16 Double-Bit Axe
17:24 Gold Mining
17:27 Stone Mining
17:25 Horse Collar
17:42 Town Watch
19:38 Wheelbarrow
21:16 Forging
21:06 Scale Mail Armor
23:19 Arson
26:16 Castle Age
26:28 Forging
26:19 Scale Mail Armor
26:07 Arson
27:41 Heavy Plow
27:54 Bow Saw
28:22 Gold Shaft Mining
28:38 Stone Shaft Mining
29:45 Caravan
40:30 Imperial Age
38:13 Town Patrol
38:31 Hand Cart
37:50 Pikeman
38:30 Squires
39:33 Iron Casting
39:13 Chain Mail Armor
38:49 Fletching
42:02 Plate Mail Armor
42:32 Blast Furnace
42:08 Crop Rotation
42:27 Conscription
42:15 Fabric Shields
41:49 Halberdier
43:25 Elite Kamayuk
45:36 Masonry
45:48 Ballistics
45:38 Bodkin Arrow
46:29 Murder Holes
47:36 Chemistry
46:28 Heated Shot
46:21 Treadmill Crane
47:07 Bracer
48:05 Hoardings
49:05 Sappers
49:38 Padded Archer Armor
59:11 Fortified Wall
59:09 Siege Engineers
61:50 Andean Sling
III
13:42 Feudal Age
14:15 Double-Bit Axe
18:26 Castle Age
16:17 Horse Collar
19:47 Bow Saw
25:13 Heavy Plow
29:37 Wheelbarrow
28:48 Town Watch
31:44 Imperial Age
28:59 Loom
29:11 Fletching
29:32 Forging
29:22 Scale Mail Armor
31:14 Hand Cart
31:59 Bodkin Arrow
32:24 Caravan
33:04 Crop Rotation
33:38 Two-Man Saw
34:06 Conscription
34:35 Careening
34:40 Clinker Construction
34:53 Ballistics
35:34 Chemistry
34:44 Padded Archer Armor
35:21 Iron Casting
35:02 Chain Mail Armor
35:10 Siege Engineers
35:16 Masonry
35:27 Fortified Wall
36:30 Medium Warships
37:18 Town Patrol
38:19 Blast Furnace
37:35 Leather Archer Armor
37:53 Heavy Warships
36:53 Heavy Scorpion
38:32 Plate Mail Armor
37:37 Elite Teutonic Knight
40:52 Ring Archer Armor
40:28 Scale Barding Armor
40:50 Pikeman
41:30 Squires
41:27 Halberdier
52:12 Onager
53:38 Siege Onager
58:23 Arson
Connection lost

Rejoining the realm…

Still unreachable

The connection could not be restored.

Session expired

The server has moved on; the page needs a fresh start.